 Dungeon Crawl Stone Soup version 0.29.1-13-g9f3cf754e1 (webtiles) character file.

Game seed: 6376973337724049997

15904 octoduck the Jinx (level 12, -7/59 HPs)
             Began as a Kobold Enchanter on Feb 10, 2023.
             Was an Elder of Ashenzari.
             Mangled by a cane toad (20 damage)
             ... on level 2 of the Lair of Beasts.
             The game lasted 01:15:04 (19329 turns).

octoduck the Jinx (Kobold Enchanter)               Turns: 19329, Time: 01:15:05

Health: -7/59      AC: 11    Str:  5    XL:     12   Next: 63%
Magic:  1/15       EV: 23    Int: 19    God:    Ashenzari [****..]
Gold:   415        SH:  5    Dex: 26    Spells: 3/15 levels left

rFire   . . .      SeeInvis +   a - +3 dagger of Ashenzari's Limitation {freeze, Cun, Comp} (curse)
rCold   + . .      Faith    .   (no shield)
rNeg    . . .      Spirit   .   J - +0 acid dragon scales of the Stellar Yoke {rCorr, Cun, Melee} (curse)
rPois   .          Reflect  +   (no helmet)
rElec   .          Harm     .   (no cloak)
rCorr   +          Rampage  .   k - +2 pair of gloves "Oracular Omen" {Elem, Evo} (curse)
Will    .....      Clarity  +   (no boots)
Stlth   ++++++++..              K - amulet "Cursed Irritation" {Reflect SH+5, Comp, Elem} (curse)
HPRegen 0.19/turn               e - ring "Gnostic Affliction" {rC+ Int+2, Cun, Bglg} (curse)
MPRegen 0.14/turn               i - ring of Ashenzari's Oracle {Dex+6, Melee, Cun} (curse)

@: no status effects
A: small, no large weapons, nightstalker 3
a: Renounce Religion, Curse Item, Shatter the Chains


You were on level 2 of the Lair of Beasts.
You worshipped Ashenzari.
Ashenzari was greatly pleased with you.
You visited 2 branches of the dungeon, and saw 13 of its levels.
You also visited: Sewer and Gauntlet.

You collected 735 gold pieces.
You spent 320 gold pieces at shops.

Inventory:

Hand Weapons
 a - the cursed +3 dagger of Ashenzari's Limitation (weapon) {freeze, Cun, Comp}

   It freezes those it strikes, dealing additional cold damage.
   It can also slow down cold-blooded creatures.
   It has a curse which improves the following skills: Cunning: Dodging and
   Stealth.
   Companions: Summonings and Necromancy.
 m - a +0 rapier
 v - a +0 dagger of distortion
 H - a +2 dagger of speed
Missiles
 j - 2 boomerangs (quivered)
 p - 22 poisoned darts
 w - a throwing net
 Y - 4 curare-tipped darts
Armour
 b - a +1 robe
 k - the cursed +2 pair of gloves "Oracular Omen" (worn) {Elem, Evo}
   (You found it on level 3 of the Dungeon)

   It has a curse which improves the following skills: Elements: Fire Magic, Ice
   Magic, Air Magic and Earth Magic.
   Evocations: Evocations.
 J - the cursed +0 acid dragon scales of the Stellar Yoke (worn) {rCorr, Cun, Melee}
   (You found it on level 8 of the Dungeon)

   rCorr:     It protects you from acid and corrosion.
   It has a curse which improves the following skills: Cunning: Dodging and
   Stealth.
   Melee Combat: Short Blades, Long Blades, Axes, Maces & Flails, Polearms,
   Staves and Unarmed Combat.
Jewellery
 e - the cursed ring "Gnostic Affliction" (left hand) {rC+ Int+2, Cun, Bglg}
   (You found it on level 2 of the Dungeon)

   [ring of protection from cold]

   Int:       It affects your intelligence (+2).
   rC:        It protects you from cold.
   It has a curse which improves the following skills: Cunning: Dodging and
   Stealth.
   Beguiling: Conjurations, Hexes and Translocations.
 h - a ring of protection from cold
 i - the cursed ring of Ashenzari's Oracle (right hand) {Dex+6, Melee, Cun}
   (You found it on level 2 of the Dungeon)

   [ring of dexterity]

   Dex:       It affects your dexterity (+6).
   It has a curse which improves the following skills: Melee Combat: Short
   Blades, Long Blades, Axes, Maces & Flails, Polearms, Staves and Unarmed
   Combat.
   Cunning:   Dodging and Stealth.
 n - a ring of ice
 q - a ring of positive energy
 r - a ring of willpower
 C - a ring of magical power
 G - a ring of flight
 K - the cursed amulet "Cursed Irritation" (around neck) {Reflect SH+5, Comp, Elem}
   (You found it on level 9 of the Dungeon)

   [amulet of reflection]

   It reflects blocked missile attacks.
   SH:        It affects your SH (+5).
   It has a curse which improves the following skills: Companions: Summonings
   and Necromancy.
   Elements:  Fire Magic, Ice Magic, Air Magic and Earth Magic.
 O - a ring of see invisible
 S - a ring of wizardry
 U - a ring of protection from cold
 V - a ring of willpower
 Z - a ring of willpower
Wands
 o - a wand of roots (28)
 I - a wand of charming (14)
 M - a wand of quicksilver (6)
 T - a wand of flame (8)
 W - a wand of polymorph (4)
Scrolls
 d - 2 scrolls of blinking
 l - 7 scrolls of teleportation
 u - 3 scrolls of enchant armour
 x - 2 scrolls of poison
 y - 2 scrolls of amnesia
 D - 2 scrolls of enchant weapon
 N - a scroll of summoning
 R - a scroll of vulnerability
Potions
 c - 4 potions of invisibility
 f - a potion of lignification
 g - 7 potions of curing
 s - a potion of heal wounds
 t - 3 potions of mutation
 z - 2 potions of flight
 A - 3 potions of haste
 B - 2 potions of cancellation
 E - 2 potions of brilliance
 L - 2 potions of might
 X - a potion of magic


   Skills:
 - Level 8.8(11.8) Short Blades
 - Level 6.4 Armour
 - Level 7.7(12.4) Dodging
 - Level 11.8(16.5) Stealth
 - Level 2.1 Spellcasting
 * Level 7.1(9.1) Conjurations
 + Level 12.1(14.0) Hexes
 - Level 1.5(3.5) Ice Magic


You had 3 spell levels left.
You knew the following spells:

 Your Spells              Type           Power      Damage    Failure   Level
a - Ensorcelled Hibernat  Hex/Ice        70%        N/A       1%          2
b - Tukima's Dance        Hex            53%        N/A       1%          3
c - Confusing Touch       Hex            53%        N/A       1%          3
d - Fulminant Prism       Conj/Hex       23%        3d13      2%          4

Your spell library contained the following spells:

 Spells                   Type           Power      Damage    Failure   Level
 Magic Dart               Conj           100%       1d8       1%          1
 Slow                     Hex            100%       N/A       1%          1
 Searing Ray              Conj           72%        2d7       1%          2
 Dazzling Flash           Conj/Hex       92%        N/A       1%          3
 Conjure Flame            Conj/Fire      20%        6-21      14%         3
 Mephitic Cloud           Conj/Pois/Air  14%        N/A       26%         3
 Call Imp                 Summ           3%         N/A       38%         2
 Sublimation of Blood     Necr           3%         N/A       38%         2
 Wereblood                Tmut           2%         N/A       45%         2
 Vampiric Draining        Necr           3%         2d6       63%         3
 Ignite Poison            Fire/Tmut/Pois 2%         N/A       67%         3
 Sticky Flame             Conj/Fire      20%        2d4       41%         4
 Alistair's Intoxication  Tmut/Pois      1%         N/A       100%        5
 Borgnjor's Vile Clutch   Necr/Erth      1%         N/A       100%        5
 Eringya's Noxious Bog    Tmut/Pois      1%         N/A       100%        6
 Summon Hydra             Summ           1%         N/A       100%        7


Dungeon Overview and Level Annotations

Branches:
Dungeon (11/15)            Temple (0/1) D:5            Lair (2/5) D:11
    Orc (0/2) D:9           Sewer (visited)         Gauntlet (visited)
  Swamp: Lair:2-3    Shoals: Lair:2-3     Snake: Lair:2-3    Spider: Lair:2-3

Altars:
Ashenzari
Cheibriados
Dithmenos
Fedhas
Gozag
Kikubaaqudgha
Okawaru
Qazlal
Ru
Sif Muna
Uskayaw
Vehumet
Zin
The Shining One

Shops:
D:6 !?

Annotations:
D:3 1 runed translucent door, Crazy Yiuf
D:7 exclusion: electric eel
D:9 Amaemon
D:10 Nergalle
Lair:2 exclusion: sensed monster (detected)


Innate Abilities, Weirdness & Mutations

You are small and have problems with some larger weapons.
You are completely attuned to the shadows.


Message History

You block the wolf's attack.
The wolf bites the bush but does no damage.
Casting: Confusing Touch (safe; 1% risk of failure)
Confirm with . or Enter, or press ? or * to list all spells.
Your hands begin to glow red.
The wolf bites you. The wolf misses you. The wolf bites you but does no damage.
The wolf completely misses you. The wolf misses you.
You hit the wolf but do no damage.
The wolf barely misses itself.
You block the wolf's attack. x2
You hit the wolf but do no damage.
The wolf appears confused.
A cane toad comes into view.
The wolf bites you. The wolf completely misses you.
Casting: Confusing Touch (safe; 1% risk of failure)
Confirm with . or Enter, or press ? or * to list all spells.
Your hands begin to glow red.
The wolf closely misses you.
The wolf bites the wolf.
The wolf bites the bush but does no damage.
The wolf bites you.
You hit the wolf but do no damage. The wolf closely misses you.
You hit the wolf but do no damage.
The wolf appears confused.
The wolf bites the cane toad.
You hit the wolf but do no damage.
Casting: Confusing Touch (safe; 1% risk of failure)
Confirm with . or Enter, or press ? or * to list all spells.
Aiming: Ensorcelled Hibernation (safe; 1% risk of failure)
Press: ? - help, Shift-Dir - straight line, f - cane toad, p - wolf
Aim: a cane toad (lightly wounded, chance to affect: 63%)
The cane toad resists with significant effort.
The wolf bites the cane toad!
The cane toad stings you!!
* * * LOW HITPOINT WARNING * * *
The wolf bites the wolf but does no damage.
You block the wolf's attack. The wolf bites you.
* * * LOW HITPOINT WARNING * * *
The wolf misses you.
The wolf bites itself!
The cane toad attacks as you move away! The cane toad misses you.
The wolf completely misses you.
Something bites the bush but does no damage.
The wolf completely misses the wolf.
The wolf bites the wolf!
The cane toad stings you!!
You die...

,, , F...{..# ####..##......... *
, , ....... ###...##....... *
......§# ###.###....... , ,
.......### ##..##....... ,
.......P### #P...#.......
,,....#....#### ###...#...... ,,
.........h†##### ##.#..##..... ,
.......#...h#### ##.÷.##.....
,......#.P).h@.### ##...##....
*#P..#####.F....####...P#....
{,,*##..######......P.P#......[..
*.###....####.~~~~~..[......##...
#####...## #.~~~~≈~≈..#.##...##..
###.#..### #.≈≈≈≈≈≈≈~.#####...#P.
.##...#### #≈≈≈≈≈≈≈≈≈~.P####.....
.......## #~≈~≈~~≈≈~~)..#.......
......### ##.~~..≈≈~≈.#.....####


You could see a cane toad and 3 wolves.

Vanquished Creatures
  4 hydras
  Erica (Lair:1)
  2 two-headed ogres
  An ugly thing (D:11)
  A black mamba (Lair:1)
  2 unseen horrors
  2 cane toads
  A troll (D:10)
  A hornet (D:9)
  2 blink frogs (Lair:2)
  A vampire (D:11)
  3 wyverns
  21 yaks
  A wraith (D:9)
  A basilisk (Lair:2)
  2 vampire mosquitoes (D:11)
  2 acid dragons
  5 water moccasins
  A sky beast (D:7)
  2 orc warriors
  4 black bears
  An ice beast (D:7)
  2 ogres
  A wolf (Lair:2)
  6 centaurs
  A phantom (D:5)
  4 kobold brigands
  6 bullfrogs
  2 scorpions
  4 wights
  8 killer bees
  6 howler monkeys
  3 orc priests
  A jelly (D:7)
  A hound (D:6)
  A gnoll bouda (D:6)
  2 iguanas
  Terence (D:2)
  5 orc wizards
  7 gnolls
  8 adders
  A shadow imp (D:8)
  2 white imps (D:6)
  2 ufetubi
  8 worms
  24 orcs
  5 ball pythons
  8 endoplasms
  5 giant cockroaches
  9 goblins
  6 hobgoblins
  5 quokkas
  3 bats (D:2)
  3 frilled lizards
  13 kobolds
  3 rats
227 creatures vanquished.

Vanquished Creatures (collateral kills)
  2 orc warriors (D:10)
  An ogre (D:5)
  3 wights
  A killer bee (D:9)
  An orc wizard (D:9)
  4 gnolls (D:6)
  2 orcs
14 creatures vanquished.

Vanquished Creatures (others)
  4 dancing weapons
  28 fungi
  33 plants
65 creatures vanquished.

Grand Total: 306 creatures vanquished

Notes
Turn   | Place    | Note
-------+----------+-------------------------------------------
     0 | D:1      | octoduck the Kobold Enchanter began the quest for the Orb.
     0 | D:1      | Reached XP level 1. HP: 10/10 MP: 3/3
   159 | D:1      | Reached XP level 2. HP: 15/15 MP: 5/5
   167 | D:1      | Learned a level 2 spell: Ensorcelled Hibernation
   769 | D:1      | Reached skill level 1 in Ice Magic
   769 | D:1      | Reached XP level 3. HP: 19/19 MP: 6/6
   775 | D:1      | Learned a level 3 spell: Tukima's Dance
   908 | D:1      | Found a faded altar of an unknown god.
  1691 | D:2      | Noticed Terence
  1942 | D:2      | Identified the ring of Itofi {rC+ Int+2}
  2242 | D:3      | Found a glowing drain.
  2258 | D:3      | Reached skill level 5 in Stealth
  2274 | D:3      | Reached XP level 4. HP: 24/24 MP: 4/7
  2386 | Sewer    | Entered a sewer
  2735 | Sewer    | Noticed a kobold brigand
  2743 | Sewer    | Reached skill level 4 in Hexes
  2745 | Sewer    | Reached XP level 5. HP: 28/28 MP: 3/8
  2793 | Sewer    | Noticed a kobold brigand
  2797 | Sewer    | Killed a kobold brigand
  2857 | Sewer    | Killed a kobold brigand
  2858 | Sewer    | Reached XP level 6. HP: 3/32 MP: 2/9
  3367 | D:3      | Found a glowing silver altar of Zin.
  3368 | D:3      | Found an iron altar of Okawaru.
  3368 | D:3      | Found a shimmering blue altar of Sif Muna.
  3369 | D:3      | Found a broken altar of Ashenzari.
  3382 | D:3      | Became a worshipper of Ashenzari the Shackled
  3591 | D:3      | Found a runed translucent door.
  3594 | D:3      | Noticed Crazy Yiuf
  3970 | D:2      | Killed Terence
  3971 | D:2      | Reached skill level 5 in Hexes
  4605 | D:4      | Found a faded altar of an unknown god.
  4608 | D:4      | Found a faded altar of an unknown god.
  4609 | D:4      | Found an ancient bone altar of Kikubaaqudgha.
  4610 | D:4      | Found a hide-covered altar of Uskayaw.
  4615 | D:4      | Found a blossoming altar of Fedhas.
  4926 | D:4      | Noticed an ogre
  4934 | D:4      | Killed an ogre
  4935 | D:4      | Reached XP level 7. HP: 36/36 MP: 2/10
  5462 | D:4      | Learned a level 3 spell: Confusing Touch
  5530 | D:5      | Entered Level 5 of the Dungeon
  5711 | D:5      | Found a staircase to the Ecumenical Temple.
  5879 | D:5      | Found a sacrificial altar of Ru.
  6285 | D:5      | Reached skill level 6 in Hexes
  6543 | D:5      | Reached * piety under Ashenzari
  6590 | D:5      | Found a radiant altar of Vehumet.
  7209 | D:5      | Found an opulent altar of Gozag.
  7442 | D:6      | Found Uhouthro's Distillery.
  7454 | D:6      | Bought a potion of invisibility for 80 gold pieces
  7454 | D:6      | Bought a potion of haste for 100 gold pieces
  7454 | D:6      | Bought a potion of heal wounds for 50 gold pieces
  7477 | D:6      | Reached XP level 8. HP: 41/41 MP: 11/11
  7746 | D:6      | Reached ** piety under Ashenzari
  7794 | D:6      | Found a snail-covered altar of Cheibriados.
  7953 | D:6      | Found Dogoq's Magic Scroll Boutique.
  8130 | D:6      | Reached skill level 7 in Hexes
  8453 | D:6      | Bought a scroll of enchant weapon for 90 gold pieces
  8630 | D:7      | Noticed a yak
  8630 | D:7      | Noticed a yak
  8630 | D:7      | Noticed a yak
  8630 | D:7      | Noticed a yak
  8630 | D:7      | Noticed a yak
  8630 | D:7      | Noticed a yak
  8634 | D:6      | Killed a yak
  8849 | D:5      | Reached skill level 5 in Dodging
  9124 | D:7      | Reached skill level 5 in Short Blades
  9222 | D:7      | Reached XP level 9. HP: 45/45 MP: 12/12
  9351 | D:7      | Found a stormy altar of Qazlal.
  9438 | D:7      | Identified the +6 hammer "Geyh" {flame, Dex+4}
  9469 | D:6      | Reached skill level 8 in Hexes
  9953 | D:7      | Reached skill level 9 in Hexes
 10837 | D:8      | Reached XP level 10. HP: 50/50 MP: 8/13
 11215 | D:8      | Reached skill level 10 in Hexes
 12082 | D:9      | Noticed a two-headed ogre
 12087 | D:9      | Killed a two-headed ogre
 12088 | D:9      | Reached skill level 1 in Armour
 12313 | D:9      | Noticed an orange demon
 12314 | D:9      | Noticed Amaemon
 12381 | D:9      | Found a shadowy altar of Dithmenos.
 12718 | D:9      | Found a staircase to the Orcish Mines.
 13222 | D:9      | Reached *** piety under Ashenzari
 13320 | D:10     | Entered Level 10 of the Dungeon
 13322 | D:10     | Reached skill level 11 in Hexes
 13450 | D:10     | Noticed Nergalle
 13576 | D:10     | Reached XP level 11. HP: 54/54 MP: 4/14
 14248 | D:10     | Found a glowing golden altar of the Shining One.
 14283 | D:10     | Reached skill level 5 in Armour
 15409 | D:11     | Noticed a two-headed ogre
 15413 | D:11     | Killed a two-headed ogre
 15427 | D:11     | Learned a level 4 spell: Fulminant Prism
 15520 | D:11     | Reached **** piety under Ashenzari
 15830 | D:11     | Noticed a green ugly thing
 15833 | D:11     | Killed a green ugly thing
 15834 | D:11     | Reached skill level 1 in Conjurations
 16426 | D:11     | Found a staircase to the Lair.
 16578 | Lair:1   | Entered Level 1 of the Lair of Beasts
 16651 | Lair:1   | Found a gate leading to a gauntlet.
 16657 | Gauntlet | Entered a Gauntlet
 16658 | Gauntlet | Found a transporter.
 16693 | Gauntlet | Identified the +0 pair of gloves of the Sea {Regen+ Str-3
                  | Int+4 Stlth+}
 16699 | Gauntlet | Found a transporter.
 16709 | Gauntlet | Noticed a hell hog
 16711 | Gauntlet | Found a transporter.
 16747 | Gauntlet | Identified the +3 ring mail of the Sun {-Tele rC+ Will+
                  | Str+3}
 16751 | Gauntlet | Noticed a moth of wrath
 16761 | Gauntlet | Found a transporter.
 16785 | Gauntlet | Found a transporter.
 16785 | Gauntlet | Found a transporter.
 16804 | Gauntlet | Found a transporter.
 16804 | Gauntlet | Found a transporter.
 16816 | Gauntlet | Found a transporter.
 16816 | Gauntlet | Found a transporter.
 16865 | Gauntlet | Found a transporter.
 16865 | Gauntlet | Found a transporter.
 17026 | Lair:1   | Noticed a seven-headed hydra
 17030 | Lair:1   | Killed a seven-headed hydra
 17283 | Lair:1   | Noticed Erica
 17897 | Lair:2   | Noticed a five-headed hydra
 17901 | Lair:2   | Killed a five-headed hydra
 17902 | Lair:2   | Reached XP level 12. HP: 59/59 MP: 15/15
 17911 | Lair:2   | Noticed a four-headed hydra
 17919 | Lair:2   | Killed a four-headed hydra
 17920 | Lair:2   | Reached skill level 10 in Stealth
 18256 | Lair:2   | Noticed a four-headed hydra
 18260 | Lair:2   | Killed a four-headed hydra
 18261 | Lair:2   | Reached skill level 5 in Conjurations
 18951 | Lair:1   | Killed Erica
 19058 | Lair:2   | Identified the +4 mace "Arbiter" {venom, rElec rC- Int+5}
 19068 | Lair:2   | Reached skill level 12 in Hexes
 19329 | Lair:2   | Mangled by a cane toad

Illustrated notes

Levels and vault maps discovered:
D:1:      grunt_arrival_crossed_arrows, layout_loops_cross,
          basic_ecumenical_altar
D:2:      layout_loops_ring, minmay_vboxes, uniq_terence
D:3:      layout_rooms, chequers_temple_overflow_statue_of_worship,
          cheibrodos_sewer_entry_drain, uniq_crazy_yiuf_cottage
D:4:      layout_gridville, chequers_temple_overflow_minitemple, serial_glass,
          glass_columns_c, glass_columns_a
D:5:      layout_loops_corners, grunt_gozag_breadcrumbs,
          nicolae_vehumet_altar_sigil, nicolae_ru_path_of_blood,
          minmay_temple_entry_sparse_star
D:6:      layout_basic, mainiacjoe_overflow_catwalk, serial_demonic,
          serial_demonic_b, serial_demonic_c, serial_demonic_b,
          serial_demonic_g, serial_shops, shop, shop
D:7:      layout_rooms, grunt_qazlal_clouds, eino_tiny_chamber,
          kennysheep_generic_room_2
D:8:      layout_basic
D:9:      layout_stronghold, mainiacjoe_overflow_surrounded_room, orc_0_dummy,
          uniq_amaemon
D:10:     layout_stronghold, mainiacjoe_overflow_cross_hatched,
          chequers_serial_rivers_large_a, uniq_nergalle
D:11:     layout_long_grid, due_lair_maze_entry_diamond
Lair:1:   layout_long_grid, gauntlet_entry_generic, lemuel_fruit_tree,
          uniq_erica
Lair:2:   layout_cave_pods, infiniplex_staircase_pool

Skill      XL: |  1  2  3  4  5  6  7  8  9 10 11 12 |
---------------+-------------------------------------+-----
Ice Magic      | 1 |  1.5
Stealth        | 5 6 7 9 11 | 11.8
Hexes          | 4 5 6 7 9 11 12 | 12.1
Short Blades   | 2 3 5 7 8 |  8.8
Dodging        | 3 5 7 |  7.7
Armour         | 3 6 |  6.4
Conjurations   | 4 7 |  7.1
Spellcasting   | |  2.1

Action                   |  1- 3 |  4- 6 |  7- 9 | 10-12 || total
-------------------------+-------+-------+-------+-------++-------
Melee: Dagger            |    59 |    60 |   185 |   260 ||   564
       Punch             |       |       |     4 |     2 ||     6
Throw: Dart              |       |     6 |       |       ||     6
       Boomerang         |       |     2 |       |       ||     2
 Cast: Ensorcelled Hiber |     6 |    21 |    37 |    68 ||   132
       Tukima's Dance    |       |       |    19 |    10 ||    29
       Confusing Touch   |       |       |     4 |    18 ||    22
Invok: Curse Item        |       |     1 |     2 |     3 ||     6
  Use: Scroll            |     4 |    10 |       |     1 ||    15
       Potion            |       |     1 |       |     6 ||     7
 Stab: Sleeping          |    25 |    26 |    32 |    68 ||   151
       Confused          |       |       |     2 |    10 ||    12
       Distracted        |       |       |     4 |     2 ||     6
Armor: Robe              |     6 |     4 |    19 |     6 ||    35
       Skin              |       |     6 |       |       ||     6
       Acid dragon scale |       |       |       |    31 ||    31
Dodge: Dodged            |    24 |    37 |   121 |   221 ||   403
Block: Other             |       |       |       |    60 ||    60
       Reflection        |       |       |       |     1 ||     1
